 Dungeon Crawl Stone Soup version 0.30-a0-1053-gbd8d5ba0ad (webtiles) character file.

Game seed: 11302558052165550366

188 jimonade the Slasher (level 5, -3/41 HPs)
             Began as a Barachi Warper on Apr 11, 2023.
             Slain by a gnoll
             ... wielding a +0 whip
              (4 damage)
             ... on level 3 of the Dungeon.
             The game lasted 00:04:01 (2862 turns).

jimonade the Slasher (Barachi Warper)               Turns: 2862, Time: 00:04:02

Health: -3/41      AC: 12    Str: 12    XL:     5   Next: 67%
Magic:  8/8        EV:  3    Int: 18    God:
Gold:   128        SH:  0    Dex: 13    Spells: 8/8 levels left

rFire   + . .      SeeInvis +    a - +0 falchion
rCold   . . .      Faith    .    (no shield)
rNeg    . . .      Spirit   .    u - +0 plate armour
rPois   .          Reflect  .    (no helmet)
rElec   .          Rampage  .    m - +0 cloak
rCorr   .                        (no gloves)
Will    .....                    (no boots) Stlth
                                 (no amulet)
HPRegen 0.26/turn                j - ring of see invisible
MPRegen 0.11/turn                p - ring of the Powerful God {rF+ Int+4}

@: slow
A: amphibious, slowness 1, strong legs 1, +LOS
a: Hop


You were on level 3 of the Dungeon.
You visited 1 branch of the dungeon, and saw 4 of its levels.

You collected 128 gold pieces.

Inventory:

Hand Weapons
 a - a +0 falchion (weapon)
 r - a +1 dagger of flaming
 t - a +0 morningstar
 v - a +0 quarterstaff
 w - a +0 sling
Missiles
 d - 7 boomerangs of dispersal (quivered)
 n - 26 stones
Armour
 b - a +0 leather armour
 h - a +0 ring mail
 m - a +0 cloak (worn)
 u - a +0 plate armour (worn)
Magical Staves
 l - a staff of cold
Jewellery
 j - a ring of see invisible (left hand)
 p - the ring of the Powerful God (right hand) {rF+ Int+4}
   (You found it on level 2 of the Dungeon)

   [ring of protection from fire]

   Int:       It affects your intelligence (+4).
   rF:        It protects you from fire.
Scrolls
 c - a scroll of blinking
 f - 5 scrolls of identify {unknown}
 i - a scroll of enchant armour {unknown}
 k - 3 scrolls of teleportation {unknown}
Potions
 e - a potion of curing {unknown}
 g - a potion of invisibility {unknown}
 o - a potion of lignification {unknown}
 q - a potion of attraction {unknown}
 s - 3 potions of haste {unknown}


   Skills:
 + Level 3.0 Fighting
 + Level 4.6 Long Blades
 + Level 1.0 Throwing
 + Level 3.5 Armour
 + Level 3.2 Dodging
 + Level 2.3 Spellcasting
 + Level 3.4 Translocations


You had 8 spell levels left.
You didn't know any spells.
Your spell library contained the following spells:

 Spells                   Type           Power      Damage    Failure   Level
 Blink                    Tloc           28%        N/A       100%        2
 Lesser Beckoning         Tloc           28%        N/A       100%        2
 Teleport Other           Tloc           14%        N/A       100%        3
 Vhi's Electric Charge    Tloc/Air       16%        N/A       100%        3
 Manifold Assault         Tloc           14%        N/A       100%        4
 Arcjolt                  Conj/Air       1%         1d11      100%        5
 Maxwell's Capacitive Co  Air            1%         ∞         100%        8


Dungeon Overview and Level Annotations

Branches:
Dungeon (4/15)
 Temple: D:4-7

Altars:
Kikubaaqudgha


Innate Abilities, Weirdness & Mutations

You are amphibious.
You cover ground slowly.
You can hop short distances.
You have an extended range of vision and can be seen from far away.


Message History

The gnoll hits you from afar with a +0 spear.
The gnoll hits you with a +0 flail.
You completely miss the gnoll.
The gnoll is lightly wounded.
The gnoll hits you but does no damage. The gnoll completely misses you.
You barely miss the gnoll.
The gnoll is lightly wounded.
The gnoll hits you but does no damage. The gnoll hits you with a +0 flail.
You hit the gnoll.
The gnoll is heavily wounded.
The gnoll hits you but does no damage. The gnoll hits you with a +0 flail.
You are too injured to fight recklessly!
You are too injured to fight recklessly!
The gnoll attacks as you move away! The gnoll hits you with a +0 flail.
* * * LOW HITPOINT WARNING * * *
The gnoll completely misses you.
There is a stone staircase leading up here.
The gnoll hits you with a +0 whip.
* * * LOW HITPOINT WARNING * * *
You climb upwards.
There is a stone staircase leading down here.
You barely miss the gnoll.
The gnoll is heavily wounded.
The gnoll hits you but does no damage. x2
You hit the gnoll.
The gnoll is almost dead.
The gnoll completely misses you. The gnoll hits you with a +0 flail.
* * * LOW HITPOINT WARNING * * *
You hit the gnoll but do no damage.
The gnoll is almost dead.
The gnoll hits you with a +0 whip.
* * * LOW HITPOINT WARNING * * *
The gnoll hits you but does no damage.
You hit the gnoll.
You kill the gnoll!
The gnoll hits you but does no damage.
You hit the gnoll.
The gnoll is moderately wounded.
The gnoll hits you with a +0 whip.
You die...

...#......#########.#
##.#.............##.#
..........######.##.#
≈≈≈≈........†....##.#
...≈...##.######.##.#
§≈.≈.#.##..# #.##.#
.≈.≈.#.###.# #.##.#
.≈...#.###.# #g##.######
.≈.≈....##.# #@........#
≈≈.≈.......# #)#...###.#
...≈...)...# #.#.......#
≈≈≈≈....##.#####.#...###.##
.........)................#
.##.........####.#######..#
.....#.#.....###<# #..#
###..............# #..#
#.##.#.....##### #..#


You could see a gnoll.

Vanquished Creatures
  2 orc wizards (D:3)
  6 adders
  A gnoll (D:3)
  3 dart slugs
  An orc (D:3)
  6 bats
  5 endoplasms
  A giant cockroach (D:1)
  8 goblins
  8 hobgoblins
  2 jackals (D:3)
  6 quokkas
  5 ball pythons
  4 frilled lizards
  A kobold (D:1)
  9 rats
68 creatures vanquished.

Notes
Turn   | Place    | Note
-------+----------+-------------------------------------------
     0 | D:1      | jimonade the Barachi Warper began the quest for the Orb.
     0 | D:1      | Reached XP level 1. HP: 17/17 MP: 3/3
   155 | D:1      | Reached XP level 2. HP: 20/23 MP: 5/5
   288 | D:1      | Reached skill level 3 in Long Blades
   354 | D:1      | Reached XP level 3. HP: 28/28 MP: 6/6
   830 | D:2      | Found a faded altar of an unknown god.
  1347 | D:2      | Reached XP level 4. HP: 30/34 MP: 7/7
  1449 | D:2      | Identified the ring of the Powerful God {rF+ Int+4}
  1923 | D:3      | Reached skill level 4 in Long Blades
  1923 | D:3      | Reached XP level 5. HP: 7/40 MP: 8/8
  2281 | D:3      | Found an ancient bone altar of Kikubaaqudgha.
  2859 | D:3      | HP: 1/41 [gnoll/+0 flail (6)]
  2862 | D:3      | Slain by a gnoll

Illustrated notes

Levels and vault maps discovered:
D:1:      onia_arrival_pyramid, layout_basic, kennysheep_flooded_box,
          roderic_st_hans_cross, glass_columns_a
D:2:      layout_basic, hellmonk_ecumenical_altar_crossroads
D:3:      layout_loops_ring, mainiacjoe_overflow_concentric_impassable
D:4:      layout_rooms

Skill      XL: |  1  2  3  4  5 |
---------------+----------------+-----
Long Blades    | 3 4 |  4.6
Armour         | 3 |  3.5
Dodging        | 3 |  3.2
Fighting       | 3 |  3.0
Throwing       | |  1.0
Spellcasting   | |  2.3
Translocations | |  3.4

Action                     |  1- 3 |  4- 6 || total
---------------------------+-------+-------++-------
  Melee: Falchion          |   133 |   131 ||   264
   Stab: Sleeping          |     1 |       ||     1
 Armour: Leather armour    |     7 |       ||     7
         Ring mail         |    55 |    41 ||    96
         Plate armour      |       |    28 ||    28
  Dodge: Dodged            |   111 |    59 ||   170

Table legend: (Time is in decaauts)
 A = Elapsed time spent in this place.
 B = Non-inter-level travel time spent in this place.
 C = Inter-level travel time spent in this place.
 D = Time resting spent in this place.
 E = Time spent auto-exploring this place.
 F = Levels seen in this place.
 G = Mean time per level.
                   A        B        C        D        E       F      G
               +--------+--------+--------+--------+--------+-----+--------+
         Total |   3294 |   3119 |    175 |    172 |   2203 |   4 |  823.5 |
       Dungeon |   3294 |   3119 |    175 |    172 |   2203 |   4 |  823.5 |
               +--------+--------+--------+--------+--------+-----+--------+

Top non-repeatable levels by time:
     D:2: 1364 daAuts
     D:3: 966 daAuts
     D:1: 917 daAuts
     D:4: 45 daAuts
